[ AOE2 MATCH · #459326763 ]
Team RMGeorgians vs Magyars
[ REPLAY ANALYSIS · EXTRACTED FROM THE RECORDED GAME ]
Feudal
—
Castle
—
Imperial
—
| APM avg | 16.0 |
| APM peak | 45 |
| eAPM avg | 5.0 |
| Villagers / military | 52 / 0 |
Focus
⚔️ 4.2% · 🌾 95.8%
Feudal
16:51
Castle
26:28
Imperial
—
| APM avg | 12.4 |
| APM peak | 55 |
| eAPM avg | 6.6 |
| Villagers / military | 48 / 45 |
Focus
⚔️ 27.8% · 🌾 72.2%
Magyar Huszar ×21 · Knight ×15 · Scout Cavalry ×9
Feudal
—
Castle
—
Imperial
—
| APM avg | 10.7 |
| APM peak | 27 |
| eAPM avg | 5.6 |
| Villagers / military | 43 / 29 |
Focus
⚔️ 20.6% · 🌾 79.4%
Archer ×23 · Spearman ×5 · Battering Ram ×1
Feudal
15:28
Castle
22:19
Imperial
38:08
| APM avg | 20.9 |
| APM peak | 56 |
| eAPM avg | 9.1 |
| Villagers / military | 101 / 32 |
Focus
⚔️ 15.0% · 🌾 85.0%
Huskarl ×20 · Fishing Ship ×13 · Militia ×12
Feudal
16:21
Castle
25:47
Imperial
—
| APM avg | 10.5 |
| APM peak | 26 |
| eAPM avg | 6.4 |
| Villagers / military | 36 / 34 |
Focus
⚔️ 31.4% · 🌾 68.6%
Fishing Ship ×27 · Spearman ×14 · Militia ×12 · Knight ×3 · Demolition Raft ×3 · Galley ×2
Feudal
14:49
Castle
21:41
Imperial
—
| APM avg | 27.9 |
| APM peak | 57 |
| eAPM avg | 13.3 |
| Villagers / military | 75 / 51 |
Focus
⚔️ 26.5% · 🌾 73.5%
Genoese Crossbowman ×38 · Fishing Ship ×8 · Battering Ram ×4 · Spearman ×3 · Fire Galley ×3 · Archer ×2
Feudal
21:32
Castle
26:17
Imperial
—
| APM avg | 6.3 |
| APM peak | 40 |
| eAPM avg | 4.4 |
| Villagers / military | 48 / 29 |
Focus
⚔️ 24.8% · 🌾 75.2%
Spearman ×29
Feudal
17:29
Castle
28:43
Imperial
39:03
| APM avg | 13.8 |
| APM peak | 30 |
| eAPM avg | 9.4 |
| Villagers / military | 95 / 30 |
Focus
⚔️ 13.8% · 🌾 86.2%
Trade Cog ×35 · Fishing Ship ×32 · Iron Pagoda ×30
Match map
Initial resources + every placement click. Lines = walls · curves = elevation contours. ◆ gold · ⬟ stone · ● berries · ✦ relic · ◌ wall gap
Your base· Open — unwalled flank
TheDukeJukem's base· Open — 5t gap
King George7650's base· Open — unwalled flank
chilthing's base· Open — 7t gap
dark fader's base· Open — 8t gap
Papacho007's base· Open — unwalled flank
fapastengames's base· Open — unwalled flank
lewisdenley's base· Open — 2t gap
Smoothed initial terrain · ◌ = detected wall gap · hover for details
Inputs per minute
— M4rAv1LHoS0 - - TheDukeJukem
Build order — M4rAv1LHoS0
91 actions detected in the replay
| 0:18 | Build | Town Center |
| 2:05 | Build | House |
| 2:08 | Build | House |
| 2:10 | Build | House |
| 2:54 | Create | Villager (Male) |
| 2:54 | Create | Villager (Male) |
| 2:55 | Create | Villager (Male) |
| 2:55 | Create | Villager (Male) |
| 2:55 | Create | Villager (Male) |
| 4:22 | Create | Villager (Male) |
| 4:23 | Create | Villager (Male) |
| 4:57 | Create | Villager (Male) |
| 4:57 | Create | Villager (Male) |
| 5:11 | Create | Villager (Male) |
| 5:12 | Create | Villager (Male) |
| 5:50 | Create | Villager (Male) |
| 5:50 | Create | Villager (Male) |
| 6:24 | Create | Villager (Male) |
| 6:28 | Create | Villager (Male) |
| 6:28 | Create | Villager (Male) |
| 7:13 | Create | Villager (Male) |
| 7:13 | Create | Villager (Male) |
| 7:44 | Create | Villager (Male) |
| 7:45 | Create | Villager (Male) |
| 7:45 | Create | Villager (Male) |
| 8:20 | Create | Villager (Male) |
| 8:20 | Create | Villager (Male) |
| 9:22 | Research | Loom |
| 10:22 | Create | Villager (Male) |
| 10:23 | Create | Villager (Male) |
| 10:25 | Create | Villager (Male) |
| 10:41 | Build | Mill |
| 11:31 | Build | Mule Cart |
| 12:34 | Create | Villager (Male) |
| 12:34 | Create | Villager (Male) |
| 12:34 | Create | Villager (Male) |
| 12:35 | Create | Villager (Male) |
| 13:00 | Build | House |
| 13:08 | Build | House |
| 13:11 | Build | House |
| 13:36 | Create | Villager (Male) |
| 13:45 | Research | Feudal Age |
| 13:46 | Research | Feudal Age |
| 16:04 | Build | Market |
| 16:12 | Build | Blacksmith |
| 16:24 | Create | Villager (Male) |
| 16:24 | Create | Villager (Male) |
| 16:24 | Create | Villager (Male) |
| 16:24 | Create | Villager (Male) |
| 16:25 | Create | Villager (Male) |
| 16:34 | Build | House |
| 16:35 | Build | House |
| 16:39 | Build | House |
| 16:41 | Build | House |
| 16:44 | Build | House |
| 17:21 | Create | Villager (Male) |
| 17:21 | Create | Villager (Male) |
| 17:57 | Create | Villager (Male) |
| 17:57 | Create | Villager (Male) |
| 17:58 | Create | Villager (Male) |
| 18:19 | Build | House |
| 18:47 | Create | Villager (Male) |
| 18:48 | Create | Villager (Male) |
| 18:48 | Create | Villager (Male) |
| 20:06 | Research | Castle Age |
| 20:07 | Research | Castle Age |
| 20:09 | Create | Villager (Male) |
| 26:32 | Build | Town Center |
| 27:30 | Build | House |
| 27:33 | Build | House |
| 27:35 | Create | Villager (Male) |
| 27:35 | Create | Villager (Male) |
| 27:35 | Create | Villager (Male) |
| 27:37 | Create | Villager (Male) |
| 27:38 | Create | Villager (Male) |
| 28:12 | Create | Villager (Male) |
| 28:12 | Create | Villager (Male) |
| 29:05 | Build | House |
| 29:06 | Build | House |
| 29:06 | Build | House |
| 29:07 | Build | House |
| 29:08 | Build | House |
| 29:09 | Build | House |
| 29:09 | Build | House |
| 29:09 | Build | House |
| 29:10 | Build | House |
| 29:10 | Build | House |
| 29:10 | Build | House |
| 29:11 | Build | House |
| 29:11 | Build | House |
| 29:23 | Build | Castle |
Build order — TheDukeJukem
136 actions detected in the replay
| 0:53 | Build | Town Center |
| 3:34 | Create | Villager (Male) |
| 3:35 | Create | Villager (Male) |
| 3:35 | Create | Villager (Male) |
| 3:35 | Create | Villager (Male) |
| 3:35 | Create | Villager (Male) |
| 3:56 | Build | House |
| 4:00 | Build | House |
| 4:51 | Create | Villager (Male) |
| 5:34 | Create | Villager (Male) |
| 5:35 | Create | Villager (Male) |
| 6:09 | Research | Loom |
| 6:21 | Create | Villager (Male) |
| 7:03 | Create | Villager (Male) |
| 7:04 | Create | Villager (Male) |
| 7:36 | Build | Lumber Camp |
| 7:42 | Create | Villager (Male) |
| 7:42 | Create | Villager (Male) |
| 7:42 | Create | Villager (Male) |
| 7:43 | Create | Villager (Male) |
| 8:13 | Create | Villager (Male) |
| 8:42 | Build | House |
| 9:16 | Create | Villager (Male) |
| 9:16 | Create | Villager (Male) |
| 10:21 | Create | Villager (Male) |
| 10:28 | Build | House |
| 10:43 | Create | Villager (Male) |
| 10:59 | Create | Villager (Male) |
| 11:01 | Create | Villager (Male) |
| 11:23 | Build | Mining Camp |
| 11:52 | Create | Villager (Male) |
| 12:28 | Create | Villager (Male) |
| 12:38 | Build | House |
| 12:58 | Create | Villager (Male) |
| 13:20 | Create | Villager (Male) |
| 13:35 | Build | Barracks |
| 13:49 | Create | Villager (Male) |
| 13:57 | Build | Mill |
| 14:09 | Create | Villager (Male) |
| 14:41 | Research | Feudal Age |
| 14:53 | Build | House |
| 15:00 | Build | Palisade Wall |
| 15:12 | Build | House |
| 15:24 | Build | Palisade Wall |
| 16:27 | Build | Palisade Wall |
| 16:42 | Build | Palisade Wall |
| 16:48 | Build | Palisade Gate |
| 16:51 | Create | Villager (Male) |
| 16:51 | Create | Villager (Male) |
| 16:51 | Age | Feudal Age |
| 17:01 | Build | Stable |
| 17:05 | Build | Stable |
| 17:09 | Create | Villager (Male) |
| 17:31 | Build | Farm |
| 17:58 | Build | Farm |
| 17:58 | Build | Farm |
| 18:13 | Build | Palisade Wall |
| 18:18 | Create | Villager (Male) |
| 18:19 | Create | Villager (Male) |
| 18:22 | Create | Scout Cavalry |
| 18:23 | Create | Scout Cavalry |
| 18:23 | Create | Scout Cavalry |
| 18:23 | Create | Scout Cavalry |
| 18:23 | Create | Scout Cavalry |
| 18:24 | Create | Scout Cavalry |
| 18:55 | Build | Farm |
| 19:14 | Build | Watch Tower |
| 19:39 | Build | Market |
| 20:49 | Build | Watch Tower |
| 20:58 | Create | Villager (Male) |
| 20:58 | Create | Villager (Male) |
| 21:00 | Create | Scout Cavalry |
| 21:00 | Create | Scout Cavalry |
| 21:01 | Create | Scout Cavalry |
| 21:09 | Build | House |
| 21:12 | Build | House |
| 21:49 | Build | Palisade Wall |
| 22:04 | Build | Palisade Gate |
| 22:07 | Create | Villager (Male) |
| 22:08 | Create | Villager (Male) |
| 22:13 | Build | Farm |
| 22:32 | Build | Mining Camp |
| 22:38 | Create | Villager (Male) |
| 22:39 | Create | Villager (Male) |
| 23:33 | Build | Farm |
| 23:34 | Create | Villager (Male) |
| 23:38 | Research | Castle Age |
| 24:17 | Build | Mining Camp |
| 24:45 | Build | Farm |
| 24:47 | Build | Farm |
| 24:55 | Build | Farm |
| 24:56 | Build | Farm |
| 24:58 | Build | Farm |
| 25:03 | Research | Bloodlines |
| 25:16 | Build | House |
| 25:19 | Build | House |
| 25:37 | Create | Villager (Male) |
| 25:48 | Research | Double-Bit Axe |
| 26:28 | Age | Castle Age |
| 27:36 | Build | Castle |
| 29:07 | Create | Villager (Male) |
| 29:08 | Create | Villager (Male) |
| 29:08 | Create | Villager (Male) |
| 29:08 | Create | Villager (Male) |
| 29:55 | Create | Villager (Male) |
| 31:24 | Create | Villager (Male) |
| 31:24 | Create | Villager (Male) |
| 34:19 | Create | Magyar Huszar |
| 34:20 | Create | Magyar Huszar |
| 34:20 | Create | Magyar Huszar |
| 34:20 | Create | Magyar Huszar |
| 34:20 | Create | Magyar Huszar |
| 34:38 | Create | Magyar Huszar |
| 34:38 | Create | Magyar Huszar |
| 34:38 | Create | Magyar Huszar |
| 34:38 | Create | Magyar Huszar |
| 34:39 | Create | Magyar Huszar |
| 34:39 | Create | Magyar Huszar |
| 34:39 | Create | Magyar Huszar |
| 34:39 | Create | Magyar Huszar |
| 34:40 | Create | Magyar Huszar |
| 34:40 | Create | Magyar Huszar |
| 34:40 | Create | Magyar Huszar |
| 35:06 | Build | Blacksmith |
| 35:49 | Create | Knight ×5 |
| 35:50 | Create | Knight ×5 |
| 35:50 | Create | Knight ×5 |
| 36:09 | Research | Scale Barding Armor |
| 36:17 | Build | Farm |
| 37:12 | Create | Magyar Huszar |
| 37:12 | Create | Magyar Huszar |
| 37:12 | Create | Magyar Huszar |
| 37:12 | Create | Magyar Huszar |
| 37:13 | Create | Magyar Huszar |
| 37:56 | Build | House |
| 38:08 | Research | Chain Barding Armor |
Build order — King George7650
63 actions detected in the replay
| 0:39 | Build | Town Center |
| 2:24 | Build | House |
| 2:27 | Build | House |
| 3:20 | Create | Villager (Male) ×4 |
| 3:20 | Create | Villager (Male) ×4 |
| 4:21 | Create | Villager (Male) |
| 4:51 | Create | Villager (Male) |
| 4:51 | Create | Villager (Male) |
| 5:20 | Create | Villager (Male) |
| 5:34 | Create | Villager (Male) |
| 5:48 | Create | Villager (Male) |
| 6:05 | Build | Lumber Camp |
| 6:10 | Build | House |
| 6:11 | Build | House |
| 6:14 | Create | Villager (Male) |
| 6:24 | Create | Villager (Male) |
| 8:26 | Build | Mill |
| 9:26 | Research | Feudal Age |
| 9:32 | Build | Mining Camp |
| 11:17 | Build | Mining Camp |
| 11:24 | Create | Villager (Male) ×3 |
| 11:29 | Create | Villager (Male) ×2 |
| 11:29 | Create | Villager (Male) ×2 |
| 12:35 | Build | Barracks |
| 13:12 | Create | Villager (Male) ×4 |
| 13:34 | Create | Villager (Male) |
| 14:05 | Create | Villager (Male) |
| 14:10 | Build | Archery Range |
| 15:13 | Create | Archer ×5 |
| 15:13 | Create | Archer ×5 |
| 15:22 | Build | House |
| 15:46 | Build | House |
| 15:51 | Create | Archer |
| 15:52 | Create | Archer |
| 16:11 | Create | Archer |
| 16:11 | Create | Archer |
| 17:12 | Create | Archer |
| 17:19 | Create | Archer |
| 17:20 | Create | Archer |
| 18:15 | Build | House |
| 18:22 | Build | House |
| 19:55 | Build | Market |
| 21:17 | Research | Castle Age |
| 21:18 | Create | Villager (Male) |
| 23:14 | Create | Spearman |
| 23:14 | Create | Spearman |
| 23:26 | Create | Spearman |
| 23:26 | Create | Spearman |
| 23:50 | Create | Spearman |
| 24:21 | Build | Castle |
| 24:45 | Build | Town Center |
| 25:01 | Create | Villager (Male) |
| 25:01 | Create | Villager (Male) |
| 25:32 | Create | Villager (Male) |
| 26:06 | Build | Blacksmith |
| 27:14 | Build | Siege Workshop |
| 27:21 | Research | Crossbowman (upgrade) |
| 27:27 | Create | Archer ×5 |
| 27:27 | Create | Archer |
| 28:24 | Create | Battering Ram |
| 29:27 | Create | Villager (Male) ×5 |
| 29:27 | Create | Villager (Male) ×5 |
| 29:39 | Build | Lumber Camp |
Build order — chilthing
First 150 of 242 actions detected
| 0:52 | Build | Town Center |
| 1:33 | Build | House |
| 2:42 | Build | House |
| 3:02 | Create | Villager (Male) |
| 3:02 | Create | Villager (Male) |
| 3:02 | Create | Villager (Male) |
| 3:03 | Create | Villager (Male) |
| 3:19 | Build | House |
| 4:13 | Create | Villager (Male) |
| 4:14 | Create | Villager (Male) |
| 4:51 | Create | Villager (Male) |
| 4:51 | Create | Villager (Male) |
| 5:22 | Create | Villager (Male) |
| 5:23 | Create | Villager (Male) |
| 5:46 | Build | Dock |
| 5:52 | Create | Villager (Male) |
| 5:52 | Create | Villager (Male) |
| 6:23 | Create | Villager (Male) |
| 6:23 | Create | Villager (Male) |
| 6:31 | Create | Fishing Ship |
| 6:32 | Create | Fishing Ship |
| 6:53 | Create | Villager (Male) |
| 6:53 | Create | Villager (Male) |
| 7:11 | Create | Villager (Male) |
| 7:12 | Create | Villager (Male) |
| 7:27 | Create | Fishing Ship |
| 7:27 | Create | Fishing Ship |
| 7:51 | Create | Villager (Male) |
| 7:52 | Create | Villager (Male) |
| 7:52 | Create | Villager (Male) |
| 8:06 | Create | Villager (Male) |
| 8:38 | Build | House |
| 8:43 | Create | Villager (Male) |
| 8:43 | Create | Villager (Male) |
| 8:43 | Create | Villager (Male) |
| 8:52 | Create | Fishing Ship |
| 8:52 | Create | Fishing Ship |
| 8:53 | Create | Fishing Ship |
| 8:56 | Create | Villager (Male) |
| 8:56 | Create | Villager (Male) |
| 9:09 | Build | House |
| 9:23 | Build | Palisade Wall |
| 9:29 | Create | Villager (Male) |
| 9:29 | Create | Villager (Male) |
| 9:30 | Create | Villager (Male) |
| 9:41 | Create | Villager (Male) |
| 9:47 | Create | Fishing Ship |
| 9:47 | Create | Fishing Ship |
| 9:50 | Create | Villager (Male) |
| 9:50 | Create | Villager (Male) |
| 10:20 | Create | Villager (Male) |
| 10:20 | Create | Villager (Male) |
| 10:21 | Create | Villager (Male) |
| 10:45 | Create | Fishing Ship |
| 10:45 | Create | Fishing Ship |
| 10:49 | Create | Villager (Male) |
| 10:49 | Create | Villager (Male) |
| 10:50 | Create | Villager (Male) |
| 11:07 | Build | House |
| 11:23 | Create | Fishing Ship |
| 11:23 | Create | Fishing Ship |
| 12:07 | Build | Palisade Wall |
| 12:26 | Build | Lumber Camp |
| 13:15 | Research | Feudal Age |
| 13:32 | Build | Mining Camp |
| 13:59 | Build | House |
| 14:56 | Build | Mill |
| 15:28 | Age | Feudal Age |
| 15:33 | Build | House |
| 15:48 | Build | Mill |
| 15:57 | Create | Villager (Male) |
| 15:57 | Create | Villager (Male) |
| 15:57 | Create | Villager (Male) |
| 15:58 | Create | Villager (Male) |
| 16:48 | Build | Barracks |
| 16:55 | Create | Villager (Male) |
| 16:55 | Create | Villager (Male) |
| 16:57 | Create | Villager (Male) |
| 17:43 | Build | Blacksmith |
| 17:51 | Create | Villager (Male) |
| 18:37 | Build | Stable |
| 18:49 | Build | House |
| 18:58 | Build | House |
| 19:32 | Build | Palisade Wall |
| 19:39 | Research | Castle Age |
| 19:46 | Create | Militia |
| 19:47 | Create | Militia |
| 19:47 | Create | Militia |
| 19:48 | Create | Militia |
| 19:56 | Build | Barracks |
| 20:45 | Build | Palisade Wall |
| 21:14 | Build | Mining Camp |
| 21:35 | Build | House |
| 21:37 | Build | House |
| 21:38 | Build | House |
| 21:40 | Build | House |
| 21:53 | Research | Double-Bit Axe |
| 21:59 | Research | Gold Mining |
| 22:07 | Research | Stone Mining |
| 22:11 | Create | Villager (Male) |
| 22:11 | Create | Villager (Male) |
| 22:11 | Create | Villager (Male) |
| 22:12 | Create | Villager (Male) |
| 22:12 | Create | Villager (Male) |
| 22:19 | Age | Castle Age |
| 22:27 | Research | Man-at-Arms (upgrade) |
| 22:31 | Create | Militia |
| 22:31 | Create | Militia |
| 22:33 | Create | Militia |
| 22:33 | Create | Militia |
| 23:03 | Build | Town Center |
| 23:10 | Create | Villager (Male) |
| 23:11 | Create | Villager (Male) |
| 23:11 | Create | Villager (Male) |
| 23:20 | Build | House |
| 23:37 | Create | Villager (Male) |
| 23:37 | Create | Villager (Male) |
| 23:38 | Create | Villager (Male) |
| 23:42 | Research | Bow Saw |
| 24:02 | Build | Mining Camp |
| 24:40 | Build | Farm |
| 24:41 | Build | Farm |
| 24:52 | Build | Farm |
| 24:58 | Research | Squires |
| 25:02 | Create | Militia |
| 25:04 | Create | Militia |
| 25:06 | Create | Militia |
| 25:07 | Create | Militia |
| 25:13 | Research | Forging |
| 25:14 | Research | Scale Mail Armor |
| 26:20 | Build | Palisade Gate |
| 26:26 | Research | Stone Shaft Mining |
| 26:30 | Create | Villager (Male) |
| 26:30 | Create | Villager (Male) |
| 26:30 | Create | Villager (Male) |
| 26:31 | Create | Villager (Male) |
| 26:34 | Create | Villager (Male) |
| 26:34 | Create | Villager (Male) |
| 26:34 | Create | Villager (Male) |
| 26:35 | Create | Villager (Male) |
| 26:35 | Create | Villager (Male) |
| 26:35 | Create | Villager (Male) |
| 26:35 | Create | Villager (Male) |
| 26:36 | Create | Villager (Male) |
| 26:36 | Create | Villager (Male) |
| 26:37 | Create | Villager (Male) |
| 26:42 | Research | Horse Collar |
| 26:58 | Research | Town Watch |
| 26:59 | Research | Wheelbarrow |
| 27:59 | Research | Iron Casting |
Build order — dark fader
First 150 of 164 actions detected
| 0:13 | Build | Town Center |
| 2:36 | Build | House |
| 2:40 | Build | House |
| 2:51 | Create | Villager (Male) |
| 2:51 | Create | Villager (Male) |
| 2:51 | Create | Villager (Male) |
| 2:51 | Create | Villager (Male) |
| 2:52 | Create | Villager (Male) |
| 3:40 | Build | House |
| 4:01 | Create | Villager (Male) |
| 4:41 | Create | Villager (Male) |
| 5:09 | Create | Villager (Male) |
| 6:18 | Create | Villager (Male) |
| 6:25 | Create | Villager (Male) |
| 6:31 | Create | Villager (Male) |
| 6:32 | Create | Villager (Male) |
| 7:03 | Create | Villager (Male) |
| 7:14 | Create | Villager (Male) |
| 7:56 | Create | Villager (Male) |
| 9:21 | Create | Villager (Male) |
| 9:22 | Create | Villager (Male) |
| 9:22 | Create | Villager (Male) |
| 9:23 | Create | Villager (Male) |
| 9:24 | Create | Villager (Male) |
| 9:31 | Build | Lumber Camp |
| 10:40 | Build | House |
| 10:44 | Build | House |
| 10:49 | Build | House |
| 10:54 | Build | House |
| 11:02 | Research | Loom |
| 11:04 | Research | Wheelbarrow |
| 12:14 | Build | Mill |
| 12:28 | Create | Villager (Male) |
| 12:28 | Create | Villager (Male) |
| 12:29 | Create | Villager (Male) |
| 12:29 | Create | Villager (Male) |
| 12:29 | Create | Villager (Male) |
| 12:51 | Build | Barracks |
| 14:11 | Research | Feudal Age |
| 14:18 | Build | Mining Camp |
| 14:38 | Build | Dock |
| 15:12 | Build | Dock |
| 15:57 | Research | Tech 906 |
| 16:01 | Create | Fishing Ship |
| 16:01 | Create | Fishing Ship |
| 16:01 | Create | Fishing Ship |
| 16:02 | Create | Fishing Ship |
| 16:02 | Create | Fishing Ship |
| 16:21 | Age | Feudal Age |
| 17:11 | Research | Town Watch |
| 17:33 | Research | Hand Cart |
| 17:38 | Create | Villager (Male) |
| 17:38 | Create | Villager (Male) |
| 17:39 | Create | Villager (Male) |
| 18:30 | Build | Lumber Camp |
| 18:52 | Research | Gillnets |
| 18:56 | Create | Demolition Raft |
| 18:57 | Create | Demolition Raft |
| 19:14 | Create | Demolition Raft |
| 19:30 | Create | Fishing Ship |
| 19:30 | Create | Fishing Ship |
| 19:30 | Create | Fishing Ship |
| 19:42 | Create | Fishing Ship |
| 19:43 | Create | Fishing Ship |
| 19:45 | Create | Fishing Ship |
| 20:07 | Create | Fishing Ship |
| 20:22 | Build | House |
| 20:25 | Build | House |
| 20:28 | Build | House |
| 20:32 | Build | House |
| 20:36 | Build | House |
| 20:40 | Build | House |
| 20:44 | Build | House |
| 20:48 | Build | House |
| 21:18 | Create | Galley |
| 21:18 | Create | Galley |
| 22:04 | Build | Stable |
| 22:07 | Build | Blacksmith |
| 23:07 | Research | Castle Age |
| 23:17 | Research | Double-Bit Axe |
| 23:21 | Research | Fletching |
| 24:17 | Research | Padded Archer Armor |
| 24:37 | Create | Fishing Ship |
| 24:38 | Create | Fishing Ship |
| 24:38 | Create | Fishing Ship |
| 24:38 | Create | Fishing Ship |
| 24:38 | Create | Fishing Ship |
| 24:39 | Create | Fishing Ship |
| 24:40 | Create | Fishing Ship |
| 24:41 | Create | Fishing Ship |
| 24:41 | Create | Fishing Ship |
| 24:41 | Create | Fishing Ship |
| 24:57 | Build | Dock |
| 25:12 | Build | Farm |
| 25:22 | Research | Forging |
| 25:23 | Research | Scale Mail Armor |
| 25:47 | Age | Castle Age |
| 26:15 | Build | Dock |
| 26:25 | Research | War Galley (upgrade) |
| 26:26 | Research | Tech 905 |
| 26:31 | Research | Horse Collar |
| 26:34 | Research | Squires |
| 26:40 | Research | Husbandry |
| 26:40 | Research | Light Cavalry (upgrade) |
| 26:54 | Build | Dock |
| 28:07 | Create | Fishing Ship |
| 28:08 | Create | Fishing Ship |
| 28:08 | Create | Fishing Ship |
| 28:08 | Create | Fishing Ship |
| 28:08 | Create | Fishing Ship |
| 28:20 | Build | Town Center |
| 28:37 | Build | Town Center |
| 28:59 | Research | Bodkin Arrow |
| 29:03 | Research | Leather Archer Armor |
| 29:03 | Research | Scale Barding Armor |
| 29:04 | Research | Iron Casting |
| 29:04 | Research | Chain Mail Armor |
| 29:45 | Research | Town Patrol |
| 29:48 | Research | Man-at-Arms (upgrade) |
| 29:49 | Research | Pikeman (upgrade) |
| 29:53 | Research | Light Cavalry (upgrade) |
| 30:01 | Create | Villager (Male) |
| 30:02 | Create | Villager (Male) |
| 31:12 | Research | Chain Mail Armor |
| 31:25 | Create | Villager (Male) |
| 31:25 | Create | Villager (Male) |
| 31:25 | Create | Villager (Male) |
| 31:26 | Create | Villager (Male) |
| 31:26 | Create | Villager (Male) |
| 31:26 | Create | Villager (Male) |
| 33:42 | Build | University |
| 33:45 | Build | Monastery |
| 33:55 | Build | Mill |
| 34:29 | Build | Mining Camp |
| 34:35 | Research | Treadmill Crane |
| 34:37 | Research | Murder Holes |
| 34:37 | Research | Ballistics |
| 34:53 | Build | Mining Camp |
| 34:56 | Research | Gold Mining |
| 34:56 | Research | Stone Mining |
| 35:00 | Research | Heavy Plow |
| 35:04 | Research | Long Swordsman (upgrade) |
| 35:05 | Research | Arson |
| 35:11 | Research | Bow Saw |
| 35:15 | Research | Chain Barding Armor |
| 35:47 | Create | Knight ×3 |
| 35:52 | Build | Barracks |
| 35:54 | Build | Barracks |
| 36:01 | Create | Spearman ×5 |
| 36:01 | Create | Spearman ×5 |
Build order — Papacho007
First 150 of 233 actions detected
| 0:48 | Build | Town Center |
| 3:25 | Create | Villager (Male) |
| 3:25 | Create | Villager (Male) |
| 3:38 | Create | Villager (Male) |
| 3:47 | Build | Dock |
| 3:49 | Create | Villager (Male) |
| 4:03 | Research | Loom |
| 4:09 | Build | House |
| 4:18 | Research | Loom |
| 4:18 | Create | Villager (Male) |
| 4:25 | Create | Villager (Male) |
| 5:04 | Create | Fishing Ship |
| 5:20 | Build | House |
| 5:27 | Create | Villager (Male) |
| 5:59 | Create | Villager (Male) |
| 6:19 | Create | Villager (Male) |
| 6:20 | Create | Villager (Male) |
| 6:49 | Create | Villager (Male) |
| 7:01 | Create | Villager (Male) |
| 7:11 | Create | Fishing Ship |
| 7:32 | Create | Villager (Male) |
| 7:47 | Build | House |
| 8:03 | Build | House |
| 8:05 | Build | House |
| 8:18 | Create | Villager (Male) |
| 8:42 | Create | Villager (Male) |
| 8:42 | Create | Villager (Male) |
| 8:47 | Create | Fishing Ship |
| 9:11 | Create | Fishing Ship |
| 9:35 | Create | Villager (Male) |
| 9:36 | Create | Villager (Male) |
| 9:43 | Create | Fishing Ship |
| 10:13 | Create | Fishing Ship |
| 10:14 | Create | Villager (Male) |
| 10:26 | Create | Villager (Male) |
| 10:53 | Build | Palisade Gate |
| 10:55 | Build | Barracks |
| 10:57 | Create | Villager (Male) |
| 11:13 | Create | Villager (Male) |
| 11:35 | Create | Villager (Male) |
| 11:57 | Create | Fishing Ship |
| 12:09 | Build | House |
| 12:10 | Build | House |
| 12:26 | Build | Mill |
| 12:29 | Create | Villager (Male) |
| 12:39 | Research | Feudal Age |
| 13:03 | Build | House |
| 13:12 | Build | Palisade Wall |
| 13:26 | Build | Palisade Gate |
| 13:27 | Build | House |
| 13:28 | Build | House |
| 13:30 | Build | House |
| 13:31 | Create | Villager (Male) |
| 13:37 | Create | Fishing Ship |
| 14:34 | Build | Palisade Wall |
| 14:43 | Build | Mining Camp |
| 14:49 | Age | Feudal Age |
| 15:04 | Create | Villager (Male) |
| 15:18 | Create | Villager (Male) |
| 15:36 | Create | Fire Galley |
| 15:48 | Create | Villager (Male) |
| 16:33 | Create | Villager (Male) |
| 16:55 | Build | Archery Range |
| 16:58 | Create | Villager (Male) |
| 17:26 | Build | Lumber Camp |
| 17:30 | Create | Villager (Male) |
| 18:07 | Create | Villager (Male) |
| 18:13 | Build | Blacksmith |
| 18:20 | Create | Villager (Male) |
| 18:21 | Create | Villager (Male) |
| 18:39 | Research | Double-Bit Axe |
| 18:42 | Research | Horse Collar |
| 18:45 | Research | Gold Mining |
| 18:51 | Build | House |
| 18:53 | Build | House |
| 19:00 | Research | Castle Age |
| 19:07 | Create | Spearman |
| 19:07 | Create | Spearman |
| 19:10 | Research | Padded Archer Armor |
| 19:10 | Research | Fletching |
| 19:11 | Research | Forging |
| 19:12 | Create | Villager (Male) |
| 19:38 | Research | Stone Mining |
| 19:47 | Build | House |
| 19:48 | Build | House |
| 19:49 | Build | House |
| 19:52 | Build | House |
| 19:54 | Build | Palisade Wall |
| 19:56 | Create | Villager (Male) |
| 20:02 | Create | Spearman |
| 20:37 | Create | Archer |
| 20:38 | Create | Archer |
| 21:41 | Age | Castle Age |
| 21:50 | Build | Castle |
| 21:53 | Build | House |
| 21:59 | Build | House |
| 22:03 | Build | Palisade Gate |
| 22:09 | Build | Palisade Wall |
| 22:11 | Create | Villager (Male) |
| 22:18 | Create | Villager (Male) |
| 22:37 | Research | Heavy Plow |
| 22:38 | Research | Bow Saw |
| 22:40 | Create | Villager (Male) |
| 22:47 | Build | Siege Workshop |
| 22:48 | Create | Villager (Male) |
| 23:03 | Build | Lumber Camp |
| 23:05 | Create | Villager (Male) |
| 23:15 | Build | Town Center |
| 23:36 | Create | Genoese Crossbowman |
| 23:37 | Create | Villager (Male) |
| 23:43 | Create | Battering Ram |
| 23:43 | Create | Battering Ram |
| 23:45 | Create | Villager (Male) |
| 23:53 | Create | Villager (Male) |
| 24:28 | Build | Mining Camp |
| 24:30 | Create | Villager (Male) |
| 24:37 | Create | Battering Ram |
| 24:51 | Create | Genoese Crossbowman |
| 24:51 | Create | Genoese Crossbowman |
| 24:51 | Create | Genoese Crossbowman |
| 24:55 | Create | Villager (Male) |
| 25:10 | Build | Monastery |
| 25:16 | Create | Villager (Male) |
| 25:30 | Create | Genoese Crossbowman |
| 25:30 | Create | Genoese Crossbowman |
| 25:30 | Create | Genoese Crossbowman |
| 25:31 | Create | Genoese Crossbowman |
| 25:33 | Create | Villager (Male) |
| 25:33 | Create | Villager (Male) |
| 25:43 | Build | Castle |
| 26:06 | Create | Battering Ram |
| 26:15 | Create | Villager (Male) |
| 26:19 | Build | Farm |
| 26:19 | Build | Farm |
| 26:19 | Build | Farm |
| 26:19 | Build | Farm |
| 26:20 | Build | Farm |
| 26:20 | Build | Farm |
| 26:20 | Build | Farm |
| 26:30 | Create | Villager (Male) |
| 26:57 | Build | Mining Camp |
| 27:20 | Create | Villager (Male) |
| 27:24 | Build | Lumber Camp |
| 27:28 | Create | Villager (Male) |
| 27:36 | Build | Stone Wall |
| 27:50 | Create | Villager (Male) |
| 27:57 | Build | Gate |
| 28:02 | Create | Villager (Male) |
| 28:26 | Create | Villager (Male) |
| 28:26 | Create | Villager (Male) |
Build order — fapastengames
127 actions detected in the replay
| 1:38 | Build | Town Center |
| 4:06 | Build | House |
| 4:09 | Build | House |
| 4:12 | Build | House |
| 4:15 | Build | House |
| 5:04 | Create | Villager (Male) |
| 5:04 | Research | Loom |
| 5:05 | Create | Villager (Male) |
| 5:05 | Create | Villager (Male) |
| 5:06 | Create | Villager (Male) |
| 5:06 | Create | Villager (Male) |
| 5:18 | Build | Lumber Camp |
| 7:04 | Create | Villager (Male) |
| 7:05 | Create | Villager (Male) |
| 7:42 | Create | Villager (Male) |
| 7:43 | Create | Villager (Male) |
| 8:08 | Create | Villager (Male) |
| 8:08 | Create | Villager (Male) |
| 9:17 | Create | Villager (Male) |
| 9:18 | Create | Villager (Male) |
| 9:18 | Create | Villager (Male) |
| 9:47 | Create | Villager (Male) |
| 9:47 | Create | Villager (Male) |
| 10:21 | Create | Villager (Male) |
| 10:22 | Create | Villager (Male) |
| 10:22 | Create | Villager (Male) |
| 10:34 | Create | Villager (Male) |
| 10:55 | Build | Mill |
| 11:55 | Create | Villager (Male) |
| 11:55 | Create | Villager (Male) |
| 11:56 | Create | Villager (Male) |
| 11:56 | Create | Villager (Male) |
| 12:51 | Build | Farm |
| 12:55 | Create | Villager (Male) |
| 12:56 | Create | Villager (Male) |
| 13:29 | Build | Farm |
| 13:30 | Build | Farm |
| 13:31 | Build | Farm |
| 13:35 | Build | Farm |
| 13:37 | Build | Farm |
| 13:53 | Build | Farm |
| 13:56 | Build | Farm |
| 14:00 | Build | Farm |
| 14:02 | Create | Villager (Male) |
| 14:02 | Create | Villager (Male) |
| 14:10 | Build | House |
| 14:11 | Build | House |
| 14:13 | Build | House |
| 14:15 | Build | House |
| 15:51 | Create | Villager (Male) |
| 15:52 | Create | Villager (Male) |
| 16:06 | Build | Farm |
| 16:07 | Build | Farm |
| 16:08 | Build | Farm |
| 16:09 | Build | Farm |
| 16:23 | Build | Mining Camp |
| 17:11 | Create | Villager (Male) |
| 17:13 | Create | Villager (Male) |
| 19:22 | Research | Feudal Age |
| 20:14 | Create | Villager (Male) |
| 20:14 | Create | Villager (Male) |
| 20:15 | Create | Villager (Male) |
| 20:27 | Build | Barracks |
| 20:28 | Build | Barracks |
| 20:29 | Build | Barracks |
| 21:00 | Create | Villager (Male) |
| 21:00 | Create | Villager (Male) |
| 21:32 | Age | Feudal Age |
| 21:38 | Build | Market |
| 21:41 | Build | Blacksmith |
| 22:56 | Research | Castle Age |
| 23:02 | Build | Mining Camp |
| 24:19 | Create | Spearman |
| 24:19 | Create | Spearman |
| 24:20 | Create | Spearman |
| 24:20 | Create | Spearman |
| 24:20 | Create | Spearman |
| 24:21 | Create | Spearman |
| 24:21 | Create | Spearman |
| 24:21 | Create | Spearman |
| 24:21 | Create | Spearman |
| 24:22 | Create | Spearman |
| 24:22 | Create | Spearman |
| 24:22 | Create | Spearman |
| 24:23 | Create | Spearman |
| 24:23 | Create | Spearman |
| 24:23 | Create | Spearman |
| 24:23 | Create | Spearman |
| 24:24 | Create | Spearman |
| 24:37 | Build | House |
| 24:39 | Build | House |
| 24:41 | Build | House |
| 24:42 | Build | House |
| 24:43 | Build | House |
| 24:46 | Build | House |
| 25:18 | Create | Villager (Male) |
| 25:18 | Create | Villager (Male) |
| 25:18 | Create | Villager (Male) |
| 25:19 | Create | Villager (Male) |
| 25:19 | Create | Villager (Male) |
| 25:50 | Build | Farm |
| 26:17 | Age | Castle Age |
| 26:28 | Build | Farm |
| 26:55 | Research | Pikeman (upgrade) |
| 26:59 | Research | Forging |
| 27:00 | Research | Scale Mail Armor |
| 27:29 | Research | Double-Bit Axe |
| 28:20 | Create | Spearman |
| 28:20 | Create | Spearman |
| 28:21 | Create | Spearman |
| 28:21 | Create | Spearman |
| 28:21 | Create | Spearman |
| 28:22 | Create | Spearman |
| 28:22 | Create | Spearman |
| 28:22 | Create | Spearman |
| 28:23 | Create | Spearman |
| 28:26 | Create | Spearman |
| 28:30 | Create | Spearman |
| 28:31 | Create | Spearman |
| 29:29 | Build | Barracks |
| 29:30 | Build | Barracks |
| 29:32 | Create | Villager (Male) |
| 29:32 | Create | Villager (Male) |
| 29:32 | Create | Villager (Male) |
| 29:33 | Create | Villager (Male) |
| 29:33 | Create | Villager (Male) |
| 29:34 | Create | Villager (Male) |
Build order — lewisdenley
First 150 of 252 actions detected
| 0:29 | Build | Town Center |
| 2:55 | Research | Loom |
| 3:32 | Create | Villager (Male) |
| 4:19 | Create | Villager (Male) |
| 4:47 | Create | Villager (Male) |
| 5:07 | Create | Villager (Male) |
| 5:07 | Create | Villager (Male) |
| 5:35 | Create | Villager (Male) |
| 5:55 | Create | Villager (Male) |
| 6:30 | Create | Villager (Male) |
| 6:30 | Create | Villager (Male) |
| 6:37 | Build | House |
| 6:45 | Create | Villager (Male) |
| 7:04 | Build | Dock |
| 7:11 | Create | Villager (Male) |
| 7:11 | Create | Villager (Male) |
| 7:33 | Build | House |
| 7:37 | Create | Villager (Male) |
| 7:37 | Create | Villager (Male) |
| 8:09 | Build | Mill |
| 8:17 | Create | Villager (Male) |
| 8:17 | Create | Villager (Male) |
| 8:51 | Create | Fishing Ship |
| 9:13 | Create | Villager (Male) |
| 9:37 | Create | Fishing Ship |
| 9:45 | Create | Villager (Male) |
| 9:51 | Create | Fishing Ship |
| 10:14 | Create | Villager (Male) |
| 10:15 | Create | Villager (Male) |
| 10:23 | Build | House |
| 10:27 | Build | House |
| 10:29 | Build | House |
| 10:35 | Create | Villager (Male) |
| 10:36 | Create | Villager (Male) |
| 10:57 | Create | Fishing Ship |
| 11:09 | Create | Villager (Male) |
| 11:09 | Create | Villager (Male) |
| 11:17 | Create | Villager (Male) |
| 11:52 | Create | Villager (Male) |
| 11:55 | Create | Fishing Ship |
| 12:09 | Build | Dock |
| 12:19 | Build | House |
| 12:20 | Build | House |
| 12:22 | Build | House |
| 12:23 | Build | House |
| 12:34 | Build | Mill |
| 12:39 | Create | Villager (Male) |
| 12:52 | Build | Lumber Camp |
| 13:14 | Create | Villager (Male) |
| 13:15 | Create | Villager (Male) |
| 13:29 | Create | Fishing Ship |
| 13:32 | Create | Fishing Ship |
| 13:51 | Create | Fishing Ship |
| 14:06 | Build | House |
| 14:11 | Create | Villager (Male) |
| 14:14 | Create | Fishing Ship |
| 14:29 | Create | Villager (Male) |
| 14:57 | Research | Feudal Age |
| 15:03 | Create | Fishing Ship |
| 15:06 | Create | Fishing Ship |
| 15:26 | Build | Palisade Wall |
| 15:43 | Create | Villager (Male) |
| 15:43 | Create | Villager (Male) |
| 15:49 | Create | Fishing Ship |
| 15:49 | Create | Fishing Ship |
| 15:53 | Create | Fishing Ship |
| 15:54 | Create | Fishing Ship |
| 16:10 | Create | Fishing Ship |
| 16:13 | Create | Fishing Ship |
| 16:37 | Build | Mill |
| 16:46 | Build | Palisade Wall |
| 16:54 | Build | Palisade Gate |
| 17:02 | Build | Dock |
| 17:12 | Create | Fishing Ship |
| 17:12 | Create | Fishing Ship |
| 17:16 | Create | Fishing Ship |
| 17:22 | Create | Villager (Male) |
| 17:29 | Age | Feudal Age |
| 17:34 | Research | Double-Bit Axe |
| 17:43 | Build | Lumber Camp |
| 17:57 | Create | Fishing Ship |
| 18:38 | Create | Villager (Male) |
| 18:39 | Create | Villager (Male) |
| 18:39 | Create | Villager (Male) |
| 18:39 | Create | Villager (Male) |
| 19:12 | Build | Palisade Wall |
| 19:18 | Build | Palisade Gate |
| 19:29 | Build | House |
| 19:30 | Build | House |
| 19:32 | Build | House |
| 19:33 | Build | House |
| 19:35 | Build | House |
| 19:39 | Create | Villager (Male) |
| 19:40 | Create | Villager (Male) |
| 19:44 | Research | Tech 906 |
| 19:46 | Create | Fishing Ship |
| 19:49 | Create | Fishing Ship |
| 19:49 | Create | Fishing Ship |
| 19:55 | Create | Fishing Ship |
| 19:56 | Create | Fishing Ship |
| 20:33 | Build | Blacksmith |
| 20:38 | Build | Market |
| 20:56 | Build | Dock |
| 21:15 | Build | Lumber Camp |
| 21:19 | Create | Villager (Male) |
| 21:19 | Create | Villager (Male) |
| 21:37 | Build | Mining Camp |
| 21:47 | Create | Villager (Male) |
| 21:47 | Create | Villager (Male) |
| 21:53 | Create | Fishing Ship |
| 21:53 | Create | Fishing Ship |
| 21:56 | Create | Fishing Ship |
| 21:57 | Create | Fishing Ship |
| 22:02 | Create | Fishing Ship |
| 22:02 | Create | Fishing Ship |
| 22:49 | Build | Mining Camp |
| 22:58 | Create | Villager (Male) |
| 22:58 | Create | Villager (Male) |
| 23:15 | Research | Gold Mining |
| 23:27 | Build | Dock |
| 23:34 | Create | Trade Cog |
| 23:35 | Create | Trade Cog |
| 23:35 | Create | Trade Cog |
| 23:35 | Create | Trade Cog |
| 23:36 | Create | Trade Cog |
| 23:43 | Build | House |
| 23:44 | Build | House |
| 23:45 | Build | House |
| 23:46 | Build | House |
| 23:48 | Build | House |
| 23:49 | Build | House |
| 23:49 | Build | House |
| 23:50 | Build | House |
| 23:52 | Build | House |
| 23:53 | Build | House |
| 23:54 | Build | House |
| 24:06 | Build | Lumber Camp |
| 24:15 | Research | Wheelbarrow |
| 24:27 | Research | Stone Mining |
| 25:28 | Build | Stone Wall |
| 25:36 | Build | Stone Wall |
| 25:43 | Build | Gate |
| 26:03 | Research | Castle Age |
| 26:39 | Build | Stone Wall |
| 26:51 | Create | Trade Cog |
| 26:51 | Create | Trade Cog |
| 26:51 | Create | Trade Cog |
| 26:52 | Create | Trade Cog |
| 26:52 | Create | Trade Cog |
| 27:40 | Create | Trade Cog |
Match timeline
| 3:47 | Papacho007 · first_building Dock |
| 5:46 | chilthing · first_building Dock |
| 7:04 | lewisdenley · first_building Dock |
| 9:23 | chilthing · wall_segment Palisade Wall x11 |
| 10:55 | Papacho007 · first_building Barracks |
| 12:07 | chilthing · wall_segment Palisade Wall x14 |
| 12:35 | King George7650 · first_building Barracks |
| 12:51 | dark fader · first_building Barracks |
| 13:12 | Papacho007 · wall_segment Palisade Wall x7 |
| 13:35 | TheDukeJukem · first_building Barracks |
| 14:10 | King George7650 · first_building Archery Range |
| 14:34 | Papacho007 · wall_segment Palisade Wall x8 |
| 14:38 | dark fader · first_building Dock |
| 14:49 | Papacho007 · age_up feudal |
| 15:00 | TheDukeJukem · wall_segment Palisade Wall x1 |
| 15:24 | TheDukeJukem · wall_segment Palisade Wall x8 |
| 15:26 | lewisdenley · wall_segment Palisade Wall x6 |
| 15:28 | chilthing · age_up feudal |
| 16:21 | dark fader · age_up feudal |
| 16:27 | TheDukeJukem · wall_segment Palisade Wall x21 |
| 16:42 | TheDukeJukem · wall_segment Palisade Wall x13 |
| 16:46 | lewisdenley · wall_segment Palisade Wall x11 |
| 16:48 | chilthing · first_building Barracks |
| 16:51 | TheDukeJukem · age_up feudal |
| 16:55 | Papacho007 · first_building Archery Range |
| 17:01 | TheDukeJukem · first_building Stable |
| 17:29 | lewisdenley · age_up feudal |
| 18:13 | TheDukeJukem · wall_segment Palisade Wall x27 |
| 18:36 | M4rAv1LHoS0 · first_market_sell 100 stone |
| 18:37 | chilthing · first_building Stable |
| 19:04 | M4rAv1LHoS0 · first_market_buy 100 food |
| 19:12 | lewisdenley · wall_segment Palisade Wall x16 |
| 19:32 | chilthing · wall_segment Palisade Wall x11 |
| 19:54 | Papacho007 · wall_segment Palisade Wall x6 |
| 20:27 | fapastengames · first_building Barracks |
| 20:34 | TheDukeJukem · first_market_buy 100 stone |
| 20:45 | chilthing · wall_segment Palisade Wall x19 |
| 21:32 | fapastengames · age_up feudal |
| 21:41 | Papacho007 · age_up castle |
| 21:49 | TheDukeJukem · wall_segment Palisade Wall x7 |
| 21:50 | Papacho007 · first_building Castle |
| 22:04 | dark fader · first_building Stable |
| 22:09 | Papacho007 · wall_segment Palisade Wall x1 |
| 22:19 | chilthing · age_up castle |
| 22:47 | Papacho007 · first_building Siege Workshop |
| 24:21 | King George7650 · first_building Castle |
| 25:10 | Papacho007 · first_building Monastery |
| 25:28 | lewisdenley · wall_segment Stone Wall x11 |
| 25:36 | lewisdenley · wall_segment Stone Wall x10 |
| 25:47 | dark fader · age_up castle |
| 26:17 | fapastengames · age_up castle |
| 26:28 | TheDukeJukem · age_up castle |
| 26:35 | TheDukeJukem · first_market_sell 100 wood |
| 26:39 | lewisdenley · wall_segment Stone Wall x6 |
| 27:14 | King George7650 · first_building Siege Workshop |
| 27:36 | Papacho007 · wall_segment Stone Wall x15 |
| 27:36 | TheDukeJukem · first_building Castle |
| 28:21 | lewisdenley · wall_segment Stone Wall x12 |
| 28:30 | chilthing · first_building Castle |
| 28:43 | lewisdenley · age_up castle |
| 29:23 | M4rAv1LHoS0 · first_building Castle |
| 29:54 | King George7650 · resign |
| 30:51 | lewisdenley · wall_segment Stone Wall x5 |
| 31:12 | lewisdenley · first_building Siege Workshop |
| 33:45 | dark fader · first_building Monastery |
| 34:22 | lewisdenley · first_market_buy 100 stone |
| 34:28 | lewisdenley · first_building Castle |
| 38:08 | chilthing · age_up imperial |
| 39:03 | lewisdenley · age_up imperial |
[ AI ANALYSIS · 1 CREDIT ]
What really happened in this match?
Wolo.gg analyzes every decision: build order, eco, micro, common mistakes by bracket. Personalized analysis on WhatsApp or Discord in 30 seconds.
Civ guide
Georgians
Map guide
Nomad
Perfil
Jugador #19498317